 Dungeon Crawl Stone Soup version 0.28-a0-1429-gf3d713df7a (webtiles) character file.

Game seed: 5874261573386444079

4487 ChaosChampion the Transmogrifier (level 10, 0/61 (68) HPs)
             Began as an Octopode Transmuter on Jan 8, 2022.
             Was a Priest of Ru.
             Slain by a wight (13 damage)
             ... on level 8 of the Dungeon.
             The game lasted 00:14:49 (11932 turns).

ChaosChampion the Transmogrifier (OpTm)            Turns: 11932, Time: 00:14:50

HP:   0/61 (68)     AC:  2    Str: 12    XL:     10   Next: 38%
MP:   15/17         EV: 23    Int: 19    God:    Ru [***...]
Gold: 366           SH:  0    Dex: 18    Spells: 10/19 levels left

rFire   . . .      SeeInvis .     - Unarmed
rCold   . . .      Faith    .   (shield currently unavailable)
rNeg    + . .      Spirit   .   (helmet currently unavailable)
rPois   x          Reflect  .   y - amulet of regeneration
rElec   .          Harm     .   g - ring of positive energy
rCorr   .          Rampage  .   (no ring)
Will    .....                   (no ring)
Stlth   ++........              (no ring)
HPRegen 1.00/turn               (no ring)
MPRegen 0.15/turn               (no ring)
                                (no ring)
                                (no ring)

@: spider-form, heavily drained
A: venomous fangs, almost no armour, (amphibious), 8 rings, tiny, (camouflage
1), (gelatinous body 1), inability to use devices, missing an eye, (nimble
swimmer 1), (tentacles), strong 1
a: End Transformation, Renounce Religion, Draw Out Power


You were on level 8 of the Dungeon.
You worshipped Ru.
Ru was most pleased with you.
You were a venomous arachnid creature.
You visited 2 branches of the dungeon, and saw 9 of its levels.
You also visited: Sewer.

You collected 366 gold pieces.

Inventory:

Armour
 A - an orb of mayhem (melded)
 B - a +2 hat (melded)
Jewellery
 g - a ring of positive energy (left front leg)
 t - an amulet of magic regeneration
 w - an amulet of guardian spirit
 y - an amulet of regeneration (around neck)
 D - a ring of ice
Wands
 f - a wand of iceblast (3)
 h - a wand of polymorph (6) (quivered)
 u - a wand of charming (6)
Scrolls
 a - a scroll of fear {unknown}
 b - a scroll of amnesia
 d - a scroll of teleportation
 l - a scroll of summoning
 m - 3 scrolls of fog
 n - a scroll of enchant armour {unknown}
 r - a scroll of torment {unknown}
 s - 2 scrolls of magic mapping {unknown}
 x - 2 scrolls of noise {unknown}
Potions
 c - a potion of heal wounds
 e - a potion of cancellation {unknown}
 i - a potion of brilliance
 j - 2 potions of lignification
 k - 3 potions of curing
 o - 3 potions of invisibility
 p - 2 potions of flight
 q - 2 potions of resistance {unknown}
 v - a potion of berserk rage
 z - a potion of ambrosia {unknown}
 C - a potion of degeneration {unknown}


   Skills:
 - Level 6.0 Fighting
 - Level 6.0 Dodging
 - Level 8.0 Unarmed Combat
 - Level 5.0 Spellcasting
 + Level 8.2 Transmutations
 - Level 3.0 Ice Magic


You had 10 spell levels left.
You knew the following spells:

 Your Spells              Type           Power      Damage    Failure   Level
b - Wereblood             Tmut           36%        N/A       4%          2
c - Spider Form           Tmut/Pois      20%        N/A       19%         3
d - Ice Form              Ice/Tmut       26%        N/A       28%         4

Your spell library contained the following spells:

 Spells                   Type           Power      Damage    Failure   Level
 Beastly Appendage        Tmut           72%        N/A       3%          1
 Blink                    Tloc           8%         N/A       38%         2
 Corpse Rot               Necr/Air       8%         N/A       38%         2
 Sublimation of Blood     Necr           4%         N/A       38%         2
 Stone Arrow              Conj/Erth      8%         3d7       58%         3
 Dispel Undead            Necr           4%         3d7       90%         4
 Manifold Assault         Tloc           4%         N/A       99%         5
 Death Channel            Necr           2%         N/A       100%        6
 Storm Form               Tmut/Air       10%        N/A       100%        7
 Summon Hydra             Summ           2%         N/A       100%        7
 Lehudib's Crystal Spear  Conj/Erth      2%         10d2      100%        8
 Animate Armour           Summ/Erth      Unusable   N/A       N/A         4

Dungeon Overview and Level Annotations

Branches:
Dungeon (8/15)             Temple (1/1) D:5           Sewer (visited)
   Lair: D:8-11

Altars:
Ashenzari
Cheibriados
Dithmenos
Elyvilon
Fedhas
Hepliaklqana
Kikubaaqudgha
Makhleb
Nemelex Xobeh
Okawaru
Qazlal
Ru
Sif Muna
Trog
Uskayaw
Vehumet
Wu Jian
Xom
Yredelemnul
Zin
The Shining One

Shops:
D:3 !   D:5 =


Innate Abilities, Weirdness & Mutations

You are a venomous arachnid creature.
You have poisonous fangs.
You are tiny and dextrous.
Your spellcasting is less reliable in this form.
Your armour is entirely melded.
You are incapable of wielding weapons or throwing items.
You cannot wear most types of armour.
((You are amphibious.))
You can wear up to eight rings at the same time.
((Your skin changes colour to match your surroundings (Stealth+).))
((Your rubbery body absorbs attacks. (AC +1, EV +1)))
You cannot study or use magical devices.
You are missing an eye, making it more difficult to aim.
((You are camouflaged when in or above water. (Stealth+)))
((You have tentacles for arms and can constrict up to eight enemies at once.))
Your muscles are strong. (Str +2)


Message History

Casting: Spider Form (dangerous; 7% risk of failure)
Confirm with . or Enter, or press ? or * to list all spells.
You turn into a venomous arachnid creature.
Your +2 hat melds into your body.
Your orb of mayhem melds into your body.
The wight completely misses you.
You closely miss the wight. The wight completely misses you.
You closely miss the wight. The wight closely misses you.
You hit the wight.
The wight is lightly damaged.
You hit the wight.
The wight is heavily damaged.
The wight completely misses you. x2
You closely miss the wight.
The wight is heavily damaged.
The wight barely misses you. The wight misses you.
You hit the wight.
The wight is almost destroyed.
The wight misses you. The wight barely misses you.
The wight hits you with a +0 mace. You partially resist.
You feel drained.
You completely miss the wight.
The wight is almost destroyed.
The wight completely misses you. x3; The wight hits you with a +0 mace!
You focus your inner power and blind the wight in retribution!
You hit the wight.
You destroy the wight!
The wight misses you. x2
You hit the wight.
The wight is moderately damaged.
The wight hits you with a +3 halberd!
* * * LOW HITPOINT WARNING * * *
You partially resist.
You feel drained.
* * * LOW HITPOINT WARNING * * *
The wight hits you with a +0 flail.
* * * LOW HITPOINT WARNING * * *
You partially resist.
You feel drained.
* * * LOW HITPOINT WARNING * * *
The wight closely misses you.
The wight hits you from afar with a +3 halberd!
You die...

)#.....................#
.#.....................#
.#.....................#
.#.....................#
.#.....................#
.#.....................#
.'.....................#
##.....................#
.....###########s###+###
.....# #..z...# .....#
#z.z...# .....# #......#
.....# #$.....# .....#
#......# .....# #......#
.....# #......# .....#
########


You could see 3 wights.

Vanquished Creatures
  Pikel (D:6)
  Grinder (D:6)
  3 yaks (D:6)
  Eustachio (D:6)
  Menkaure (D:6)
  2 water moccasins (D:6)
  A sky beast (D:6)
  2 orc warriors
  A necrophage (D:6)
  2 ogres
  2 phantoms
  A centaur (D:7)
  A lemure (D:6)
  A kobold brigand (D:6)
  7 bullfrogs
  A scorpion (D:6)
  6 wights
  A howler monkey (D:5)
  A centaur zombie (D:7)
  A bullfrog zombie (D:5)
  5 orc priests
  2 centaur skeletons
  4 jellies
  3 hounds
  3 bullfrog skeletons
  7 orc wizards
  A scorpion zombie (D:5)
  An iguana (D:4)
  Terence (D:2)
  A hound skeleton (D:4)
  Robin (D:2)
  19 gnolls
  A howler monkey skeleton (D:7)
  10 adders
  8 river rats
  A shadow imp (D:7)
  2 ufetubi
  4 dart slugs
  13 orcs
  17 ball pythons
  11 endoplasms
  2 giant cockroaches
  17 goblins
  7 hobgoblins
  A quokka (D:4)
  7 bats
  5 frilled lizards
  9 kobolds
  27 rats
227 creatures vanquished.

Vanquished Creatures (others)
  A gnoll shaman (D:7)
  An orc (D:7)
  A fungus (D:3)
3 creatures vanquished.

Grand Total: 230 creatures vanquished

Notes
Turn   | Place    | Note
-------+----------+-------------------------------------------
     0 | D:1      | ChaosChampion the Octopode Transmuter began the quest for
                  | the Orb.
     0 | D:1      | Reached XP level 1. HP: 13/13 MP: 3/3
   506 | D:1      | Found a white marble altar of Elyvilon.
   552 | D:1      | Reached XP level 2. HP: 18/18 MP: 3/5
  1517 | D:2      | Reached XP level 3. HP: 15/23 MP: 4/6
  1520 | D:2      | Learned a level 2 spell: Wereblood
  1524 | D:2      | Learned a level 3 spell: Spider Form
  1662 | D:2      | Noticed Robin
  1690 | D:2      | Killed Robin
  1895 | D:2      | Noticed Terence
  1905 | D:2      | Killed Terence
  1906 | D:2      | Reached XP level 4. HP: 24/29 MP: 1/7
  2649 | D:3      | Found Ejuseem's Distillery.
  3318 | D:3      | Noticed an ogre
  3324 | D:3      | Killed an ogre
  3325 | D:3      | Reached XP level 5. HP: 24/35 MP: 1/8
  3640 | D:3      | Reached XP level 6. HP: 21/41 MP: 4/9
  4156 | D:3      | Found a faded altar of an unknown god.
  4591 | D:3      | Reached skill level 5 in Unarmed Combat
  4629 | D:4      | Learned a level 4 spell: Ice Form
  5473 | D:4      | Reached XP level 7. HP: 43/46 MP: 10/10
  5675 | D:4      | Reached skill level 1 in Ice Magic
  5977 | D:5      | Entered Level 5 of the Dungeon
  5984 | D:5      | Found a staircase to the Ecumenical Temple.
  6001 | Temple   | Entered the Ecumenical Temple
  6221 | Temple   | Became a worshipper of Ru the Awakened
  6327 | D:4      | HP: 2/46 [iguana (11)]
  7070 | D:5      | Found Yzomicy's Jewellery Shoppe.
  7323 | D:5      | Found a shimmering blue altar of Sif Muna.
  7458 | D:6      | Found a glowing drain.
  7478 | Sewer    | Entered a sewer
  7704 | Sewer    | Gained mutation: You cannot study or use magical devices.
                  | [Ru sacrifice]
  7704 | Sewer    | Reached * piety under Ru
  7704 | Sewer    | Reached ** piety under Ru
  7870 | Sewer    | Reached XP level 8. HP: 43/52 MP: 4/12
  8457 | Sewer    | Gained mutation: Your spells are a little easier to cast,
                  | but a little less powerful. [potion of mutation]
  8457 | Sewer    | Gained mutation: Your magical capacity is low. (-10% MP)
                  | [potion of mutation]
  8457 | Sewer    | Gained mutation: You have supernaturally acute eyesight.
                  | (SInv) [potion of mutation]
  8704 | D:6      | Lost mutation: You have supernaturally acute eyesight.
                  | (SInv) [potion of mutation]
  8704 | D:6      | Lost mutation: Your spells are a little easier to cast, but
                  | a little less powerful. [potion of mutation]
  8704 | D:6      | Gained mutation: You possess an exceptional clarity of
                  | mind. [potion of mutation]
  8705 | D:6      | Lost mutation: Your magical capacity is low. (-10% MP)
                  | [potion of mutation]
  8705 | D:6      | Lost mutation: You possess an exceptional clarity of mind.
                  | [potion of mutation]
  8705 | D:6      | Gained mutation: Your muscles are strong. (Str +2) [potion
                  | of mutation]
  9140 | D:6      | Noticed Menkaure
  9150 | D:6      | Killed Menkaure
  9304 | D:5      | HP: 2/54 [poisoned by a scorpion]
  9602 | D:6      | Noticed Grinder
  9613 | D:6      | Killed Grinder
  9614 | D:6      | Reached XP level 9. HP: 59/59 MP: 9/14
  9677 | D:6      | Reached skill level 5 in Transmutations
  9787 | D:6      | Reached skill level 5 in Dodging
 10211 | D:6      | Found an ornate altar of the Wu Jian Council.
 10213 | D:6      | Noticed Pikel
 10234 | D:6      | Killed Pikel
 10235 | D:6      | Reached skill level 5 in Fighting
 10235 | D:6      | Reached skill level 5 in Spellcasting
 10380 | D:6      | Noticed Eustachio
 10395 | D:6      | Reached XP level 10. HP: 68/68 MP: 11/17
 10418 | D:6      | Killed Eustachio
 10858 | D:7      | Gained mutation: You are missing an eye, making it more
                  | difficult to aim. [Ru sacrifice]
 10858 | D:7      | Reached *** piety under Ru
 11932 | D:8      | Slain by a wight

Illustrated notes

Levels and vault maps discovered:
D:1:      minmay_arrival_solitary_statue, layout_basic, serial_rivers,
          chequers_serial_rivers_large_a, chequers_serial_rivers_micro_e,
          chequers_serial_rivers_micro_a, chequers_serial_rivers_micro_d,
          kennysheep_flooded_box
D:2:      layout_rooms, uniq_robin, uniq_terence
D:3:      layout_basic, shapermc_ecumenical_altar_ellora, serial_shops,
          nicolae_shop_stone
D:4:      layout_cave_pools, serial_bayou_pond_e
D:5:      layout_loops_ring, led_sif_pool, minmay_temple_entry_tees,
          serial_shops, nicolae_shop_advertising_works
          [nicolae_subvault_shop_adworks]
D:6:      layout_basic, nzn_wu_jian_contemplation, portal_sewer_entry_b,
          kennysheep_generic_room_2, uniq_grinder, uniq_eustachio, uniq_pikel,
          uniq_menkaure
D:7:      layout_basic
D:8:      layout_gridville, uniq_prince_ribbit1
Temple:   mainiacjoe_temple_bowtie_tessellation

Skill      XL: |  1  2  3  4  5  6  7  8  9 10 |
---------------+-------------------------------+-----
Fighting       | 2 3 4 5 6 |  6.0
Unarmed Combat | 4 5 6 7 8 |  8.0
Dodging        | 3 4 6 |  6.0
Transmutations | 3 4 6 8 |  8.2
Ice Magic      | 1 3 |  3.0
Spellcasting   | 3 5 |  5.0

Action                   |  1- 3 |  4- 6 |  7- 9 | 10-12 || total
-------------------------+-------+-------+-------+-------++-------
Melee: Unarmed           |    73 |   119 |   374 |   175 ||   741
       Constrict         |    19 |    23 |    23 |     9 ||    74
       Tentacles         |     9 |    19 |    21 |    14 ||    63
       Kick              |     7 |    11 |       |       ||    18
       Punch             |     2 |     2 |     3 |     2 ||     9
 Cast: Beastly Appendage |    14 |     4 |       |       ||    18
       Wereblood         |     2 |     8 |    16 |     4 ||    30
       Spider Form       |     2 |    11 |    32 |    10 ||    55
       Ice Form          |       |       |     3 |       ||     3
Invok: Sacrifice Artific |       |       |     1 |       ||     1
       Sacrifice an Eye  |       |       |       |     1 ||     1
  Use: Scroll            |       |     8 |     9 |       ||    17
       Potion            |       |       |     5 |       ||     5
 Stab: Sleeping          |     5 |     7 |     1 |     1 ||    14
       Invisible         |       |       |     2 |     1 ||     3
       Paralysed         |       |       |     5 |       ||     5
Armor: Skin              |     2 |     9 |     9 |    15 ||    35
Dodge: Dodged            |    53 |    83 |   312 |   141 ||   589

Table legend: (Time is in decaauts)
 A = Elapsed time spent in this place.
 B = Non-inter-level travel time spent in this place.
 C = Inter-level travel time spent in this place.
 D = Time resting spent in this place.
 E = Time spent auto-exploring this place.
 F = Levels seen in this place.
 G = Mean time per level.
                   A        B        C        D        E       F      G
               +--------+--------+--------+--------+--------+-----+--------+
         Total |  11861 |  11528 |    333 |   2059 |   7347 |  10 | 1186.1 |
       Dungeon |  10356 |  10043 |    313 |   1696 |   6594 |   8 | 1294.5 |
        Temple |    282 |    262 |     20 |      0 |    189 |   1 |  282.0 |
         Sewer |   1222 |   1222 |      0 |    363 |    564 |   1 | 1222.0 |
               +--------+--------+--------+--------+--------+-----+--------+

Top non-repeatable levels by time:
     D:3: 1766 daAuts
     D:4: 1651 daAuts
     D:6: 1635 daAuts
     D:1: 1486 daAuts
     D:2: 1369 daAuts
   Sewer: 1222 daAuts
     D:5: 1163 daAuts
     D:7: 1118 daAuts
  Temple: 282 daAuts
     D:8: 165 daAuts
